 Dungeon Crawl Stone Soup version 0.27-a0-29-g2d0a2396b0 (webtiles) character file.

Game seed: 13663904790680760707

447922 dolemite99 the Warrior (level 23, -31/218 (225) HPs)
             Began as a Demonspawn Gladiator on Jan 4, 2021.
             Was a Priest of Makhleb.
             Annihilated by an acid blob (34 damage)
             ... on level 4 of the Pits of Slime.
             The game lasted 02:34:57 (85469 turns).

dolemite99 the Warrior (Demonspawn Gladiator)      Turns: 85469, Time: 02:34:57

HP:   -31/218 (225) AC: 14    Str: 21    XL:     23   Next: 14%
MP:   0/35          EV: 16    Int:  8    God:    Makhleb [***...]
Gold: 545           SH: 18    Dex: 21    Spells: 20/22 levels left

rFire    + + +     SeeInvis +   a - +10 morningstar "Eos" {elec, Halo rElec}
rCold    . . .     Faith    .   F - +4 kite shield {reflect}
rNeg     . . .     Spirit   +   z - +5 plate armour {rF+}
rPois    .         Reflect  +   (helmet unavailable)
rElec    +         Harm     .   X - +2 cloak {rCorr}
rCorr    +         Rampage  .   (gloves unavailable)
Will     ++++.     Rnd*Rage +   (boots unavailable)
Stlth    +.........             Q - amulet "Virair" {Spirit *Slow Fragile Will+++ Dex+9}
HPRegen  0.46/turn              (no ring)
MPRegen  0.24/turn              x - +4 ring of evasion

@: corroded, glowing, lightly drained
A: antennae 3, claws 3, talons 3, berserk 2, blurry vision 2, clumsy 2, demonic
guardian 2, dopey 2, fire resistance 2, ignite blood, robust 2, shaggy fur 1,
flame cloud immunity, subdued magic 1
}: 2/15 runes: serpentine, barnacled
a: Renounce Religion, Minor Destruction, Lesser Servant of Makhleb


You were on level 4 of the Pits of Slime.
You worshipped Makhleb.
Makhleb was most pleased with you.
You visited 10 branches of the dungeon, and saw 49 of its levels.

You collected 5767 gold pieces.
You spent 5222 gold pieces at shops.

Inventory:

Hand Weapons
 a - the +10 morningstar "Eos" (weapon) {elec, Halo rElec}
   (You found it on level 3 of the Elven Halls)

   Occasionally, upon striking a foe, it can discharge electrical energy and
   cause terrible harm.
   It insulates you from electricity.
 b - the +7 fustibalus "Fuapnu Viso" {venom, Str+4}
   (You found it on level 2 of the Shoals)

   It poisons the ammo it fires.
   It affects your strength (+4).
 c - a +6 demon whip of pain
 n - the +6 war axe of Descent {drain, rElec Str+2 Int+6}
   (You found it on level 4 of the Depths)

   A truly terrible weapon, it drains the life of those it strikes.
   It affects your strength (+2).
   It affects your intelligence (+6).
   It insulates you from electricity.
 q - a +1 spectral demon trident
 y - a +3 demon whip of electrocution
 A - the +4 lajatang "Nymaur" {freeze, rPois Int+3 Dex-5}
   (You bought it in a shop on level 10 of the Dungeon)

   It has been specially enchanted to freeze those struck by it, causing extra
   injury to most foes and up to half again as much damage against particularly
   susceptible opponents.
   It can also slow down cold-blooded creatures.
   It affects your intelligence (+3).
   It affects your dexterity (-5).
   It protects you from poison.
 R - the +1 trident "Viomokho" {drain, rElec rPois rF+}
   (You found it on level 7 of the Dungeon)

   A truly terrible weapon, it drains the life of those it strikes.
   It protects you from fire.
   It insulates you from electricity.
   It protects you from poison.
Missiles
 T - 444 stones (quivered)
Armour
 o - a +2 cloak of poison resistance
 z - a +5 plate armour of fire resistance (worn)
 F - a +4 kite shield of reflection (worn)
 X - a +2 cloak of preservation (worn)
Magical Staves
 r - an uncursed staff of death
 w - an uncursed staff of cold
Jewellery
 x - a +4 ring of evasion (right claw)
 I - an uncursed amulet of guardian spirit
 J - an uncursed ring of ice
 Q - the amulet "Virair" (around neck) {Spirit *Slow Fragile Will+++ Dex+9}
   (You took it off a deep elf mage on level 3 of the Elven Halls)

   [amulet of guardian spirit]

   It causes incoming damage to be split between your health and magic.
   It affects your dexterity (+9).
   It affects your willpower, your defense against some magical effects.
   It may slow you when you take damage.
   It will be destroyed if unequipped.
Wands
 g - a wand of disintegration (10)
 m - a wand of polymorph (37)
 K - a wand of paralysis (32)
 L - a wand of digging (24)
 N - a wand of enslavement (19)
 W - a wand of iceblast (16)
Scrolls
 h - 2 scrolls of silence
 l - 2 scrolls of blinking
 p - 12 scrolls of teleportation
 t - 4 scrolls of amnesia
 C - 5 scrolls of immolation
 E - 11 scrolls of magic mapping
 M - 3 scrolls of fog
 O - 23 scrolls of remove curse {@r2}
 V - 15 scrolls of identify {@r1}
Potions
 d - 5 potions of brilliance
 e - 2 potions of heal wounds
 f - 3 potions of might
 B - 7 potions of berserk rage
 D - 7 potions of flight
 G - 2 potions of resistance
 H - 4 potions of curing
 S - 6 potions of attraction
 U - 3 potions of lignification
 Y - 3 potions of ambrosia
 Z - 5 potions of haste
Miscellaneous
 i - a phantom mirror (inert)
 s - a tin of tremorstones (inert)
 u - a condenser vane
 v - a phial of floods (inert)
 P - a lightning rod (4/4)


   Skills:
 - Level 17.6 Fighting
 - Level 2.2 Short Blades
 - Level 1.0(9.9) Axes
 + Level 11.4(13.7) Maces & Flails
 - Level 10.3(12.8) Polearms
 - Level 12.7(15.4) Staves
 - Level 13.6 Slings
 - Level 2.0 Bows
 - Level 1.7(9.2) Throwing
 - Level 15.1 Armour
 - Level 8.1 Dodging
 - Level 11.3 Stealth
 - Level 12.7 Shields
 - Level 16.9 Invocations
 - Level 8.0 Evocations


You had 20 spell levels left.
You knew the following spells:

 Your Spells              Type           Power        Failure   Level
a - Blink                 Tloc           N/A          100%        2

Your spell library contained the following spells:

 Spells                   Type           Power        Failure   Level
 Animate Skeleton         Necr           0%           99%         1
 Apportation              Tloc           0%           99%         1
 Corona                   Hex            0%           99%         1
 Foxfire                  Conj/Fire      0%           99%         1
 Magic Dart               Conj           0%           99%         1
 Sandblast                Erth           0%           99%         1
 Sting                    Tmut/Pois      0%           99%         1
 Summon Small Mammal      Summ           0%           99%         1
 Call Imp                 Summ           0%           100%        2
 Ensorcelled Hibernation  Hex/Ice        0%           100%        2
 Passwall                 Tmut/Erth      0%           100%        2
 Poisonous Vapours        Pois/Air       0%           100%        2
 Slow                     Hex            0%           100%        2
 Sublimation of Blood     Necr           0%           100%        2
 Confusing Touch          Hex            0%           100%        3
 Conjure Flame            Conj/Fire      0%           100%        3
 Dazzling Flash           Conj/Hex       0%           100%        3
 Gell's Gravitas          Tloc           0%           100%        3
 Ignite Poison            Fire/Tmut/Pois 0%           100%        3
 Inner Flame              Hex/Fire       0%           100%        3
 Lesser Beckoning         Tloc           0%           100%        3
 Mephitic Cloud           Conj/Pois/Air  0%           100%        3
 Portal Projectile        Hex/Tloc       0%           100%        3
 Static Discharge         Conj/Air       0%           100%        3
 Stone Arrow              Conj/Erth      0%           100%        3
 Teleport Other           Tloc           0%           100%        3
 Tukima's Dance           Hex            0%           100%        3
 Cause Fear               Hex            0%           100%        4
 Dispel Undead            Necr           0%           100%        4
 Olgreb's Toxic Radiance  Pois           0%           100%        4
 Passage of Golubria      Tloc           N/A          100%        4
 Petrify                  Tmut/Erth      0%           100%        4
 Sticky Flame             Conj/Fire      0%           100%        4
 Summon Lightning Spire   Summ/Air       0%           100%        4
 Agony                    Necr           0%           100%        5
 Alistair's Intoxication  Tmut/Pois      0%           100%        5
 Fireball                 Conj/Fire      0%           100%        5
 Irradiate                Conj/Tmut      0%           100%        5
 Lee's Rapid Deconstruct  Erth           0%           100%        5
 Lightning Bolt           Conj/Air       0%           100%        5
 Metabolic Englaciation   Hex/Ice        0%           100%        5
 Yara's Violent Unravell  Hex/Tmut       0%           100%        5
 Dispersal                Tloc           0%           100%        6
 Hydra Form               Tmut           0%           100%        6
 Invisibility             Hex            0%           100%        6
 Simulacrum               Ice/Necr       0%           100%        6
 Starburst                Conj/Fire      0%           100%        6
 Statue Form              Tmut/Erth      0%           100%        6
 Dragon Form              Tmut           0%           100%        7
 Malign Gateway           Summ/Tloc      0%           100%        7
 Monstrous Menagerie      Summ           0%           100%        7
 Spellforged Servitor     Conj/Summ      0%           100%        7
 Summon Greater Demon     Summ           0%           100%        7
 Disjunction              Tloc           0%           100%        8
 Ignition                 Fire           0%           100%        8
 Summon Horrible Things   Summ           0%           100%        8
 Dragon's Call            Summ           0%           100%        9
 Shatter                  Erth           0%           100%        9
 Tornado                  Air            0%           100%        9


Dungeon Overview and Level Annotations

Branches:
Dungeon (15/15)            Temple (0/1) D:5            Lair (6/6) D:8
 Shoals (4/4) Lair:4        Snake (4/4) Lair:3        Slime (5/5) Lair:5
    Orc (2/2) D:11            Elf (3/3) Orc:2        Vaults (4/5) D:13
  Crypt (0/3) Vaults:3     Depths (5/5) D:15           Hell (visited)
    Dis: Hell:1         Geh: Hell:1         Coc: Hell:1         Tar: Hell:1
    Zot: Depths:5

Altars:
Fedhas
Hepliaklqana
Makhleb
Qazlal
Ru
Sif Muna
Yredelemnul
Zin

Shops:
D:5 :   D:6 *   D:10 *   D:11 (   D:15 (   Orc:2 [!:   Elf:1 *   Vaults:1 ?
Vaults:2 *   Vaults:3 }   Depths:1 [((*

Portals:
Hell: Depths:1 Depths:2 Depths:3 Depths:4
Abyss: Depths:4 Depths:5
Pandemonium: Depths:1 Depths:3 Depths:4
Ziggurat: Depths:2

Annotations:
D:5 1 runed translucent door, Crazy Yiuf
D:15 Roxanne
Lair:4 2 transporters, exclusion: 3 doors, tinescath's ghost, journeyman GrEE
Shoals:1 1 runed translucent door, Liimbo's ghost, adept FoWn
Shoals:2 exclusion: kraken
Shoals:3 exclusion: downstairs
Snake:1 exclusion: downstairs
Slime:3 Dissolution
Slime:4 exclusion: upstairs
Slime:5 Royal Jelly
Elf:2 3 runed translucent doors
Elf:3 3 runed translucent doors, RandomCharacter's ghost, adept VSFE; rpgfanatic64's ghost, adept GnDe
Vaults:3 Mennas
Depths:1 33 runed doors
Depths:3 1 runed translucent door
Depths:5 the Enchantress
Hell Geryon


Innate Abilities, Weirdness & Mutations

You have a pair of large antennae on your head. (SInv)
You have claws for hands.
You have claws for feet.
A demonic guardian rushes to your aid.
Your flesh is very heat resistant. (rF++)
Your demonic aura causes spilled blood to erupt in flames.
You are very robust. (+20% HP)
You are immune to clouds of flame.
You often lose your temper in combat.
Scrolls take you longer to read.
You are very clumsy. (Dex -4)
You are very dopey. (Int -4)
You are covered in fur. (AC +1)
Your spells are a little easier to cast, but a little less powerful.


Message History

The death ooze hits you!
* * * LOW HITPOINT WARNING * * *
You feel drained.
* * * LOW HITPOINT WARNING * * *
You block the death ooze's attack.
The azure jelly is engulfed in blazing flames.
You block the azure jelly's attack. x2; The azure jelly barely misses you.
You block the azure jelly's attack. The slime creature closely misses you.
Your orange demon is engulfed in blazing flames.
The wall burns your orange demon!
Your orange demon stings the slime creature from afar.
The slime creature dies!
Makhleb accepts your kill. The acid blob hits you.
* * * LOW HITPOINT WARNING * * *
The acid corrodes you!
You are splashed with acid.
You resist.
* * * LOW HITPOINT WARNING * * *
The acid blob is engulfed in blazing flames.
The acid blob hits you!!
You die...

##...# . #....###..##..
..
#....................
##..§.................
##.....##....##..##.#..
#...#.#..........#.....
#.§.JJ.....J....G§..
##4JJJ..............
#.☼@JJJ.....J.......
##JJJG......GJ.>....
#3G.J.(^...JJ......
##...##.....J......
#..........4......
#......##......#.. ####
#####................
##..##
##.##^................
###....##
#............#........


You could see 2 acid blobs, 3 azure jellies, 2 great orbs of eyes, a slime
creature, 3 death oozes, 2 jellies, an ooze, a friendly orange demon (summoned)
and a friendly neqoxec (summoned).

Vanquished Creatures
  A juggernaut (Depths:3)
  3 caustic shrikes (Depths:4)
  2 golden dragons (Depths:4)
  4 tentacled monstrosities
  2 deep elf blademasters (Elf:3)
  3 liches
  2 titans
  2 deep elf master archers (Elf:3)
  6 sphinxes
  9 acid blobs
  A shadow dragon (Depths:2)
  3 tengu reavers
  8 nagarajas
  3 azure jellies
  An iron dragon (Depths:4)
  7 fire giants
  5 frost giants
  A balrug (Depths:3)
  4 deep elf sorcerers
  7 vault wardens
  Aizul (Elf:1)
  2 deep elf elementalists (Elf:3)
  2 spriggan defenders
  13 very ugly things
  4 ironheart preservers
  A reaper (Depths:1)
  3 vampire knights
  9 stone giants
  9 deep elf annihilators
  3 deep elf demonologists
  An entropy weaver (Vaults:2)
  A white draconian (Depths:4)
  A spark wasp (shapeshifter) (Vaults:1)
  6 deep elf death magi
  5 merfolk javelineers
  9 ettins
  7 fire dragons
  2 deep elf high priests
  2 death oozes (Slime:4)
  9 yaktaur captains
  9 great orbs of eyes
  7 merfolk impalers
  2 boulder beetles
  7 ice dragons
  A monstrous demonspawn (Depths:1)
  A juggernaut simulacrum (Depths:4)
  4 rakshasas
  6 anacondas
  5 vault guards
  4 hydras
  5 centaur warriors
  An alligator snapping turtle (Shoals:3)
  5 spriggan air magi
  15 naga warriors
  14 ogre magi
  4 merfolk aquamancers
  2 death knights
  37 two-headed ogres
  3 tengu warriors
  2 merfolk avatars
  16 deep troll shamans
  14 deep troll earth magi
  4 vampire magi
  9 dancing weapons
  3 shock serpents (Snake:4)
  8 deep elf knights
  6 hell knights
  2 spriggan berserkers (Depths:4)
  14 naga sharpshooters
  Urug (D:12)
  2 lindwurms (Lair:5)
  3 sun demons
  A fire crab (shapeshifter) (Elf:1)
  7 iron trolls
  3 salamander mystics (Snake:4)
  10 sea snakes
  6 skeletal warriors
  26 deep trolls
  A flayed ghost (Depths:4)
  A wizard (Vaults:2)
  2 unseen horrors (Vaults:1)
  A swamp dragon (Lair:6)
  4 naga ritualists (Snake:4)
  2 glowing orange brains
  3 phantasmal warriors
  11 ironbrand convokers
  8 harpies
  A harpy (shapeshifter) (Elf:2)
  11 orc knights
  15 deep elf archers
  4 wolf spiders
  A sphinx zombie (Depths:2)
  5 mana vipers
  4 necromancers
  A stone giant zombie (Vaults:4)
  3 orc sorcerers
  50 deep elf magi
  6 fauns
  A human zombie (Vaults:4)
  A salamander (shapeshifter) (Vaults:1)
  29 ugly things
  9 manticores
  4 shining eyes (Slime:4)
  6 salamanders
  Maurice (D:12)
  6 cyclopes
  9 vault sentinels
  10 merfolk sirens
  9 guardian serpents
  19 black mambas
  2 centaur zombies
  3 water nymphs
  3 rust devils
  17 naga magi
  2 frost giant skeletons (Depths:3)
  2 gargoyles
  9 cane toads
  A black mamba (shapeshifter) (Vaults:1)
  A rime drake (shapeshifter) (Vaults:3)
  9 komodo dragons
  44 yaktaurs
  A komodo dragon (shapeshifter) (D:15)
  A kobold demonologist (D:13)
  4 freezing wraiths
  An ice devil (Depths:1)
  4 rime drakes (Lair:6)
  An elf zombie (Depths:3)
  6 polar bears
  25 merfolk
  2 red devils (Depths:1)
  4 trolls
  3 tengu conjurers
  A shadow dragon simulacrum (Depths:2)
  10 wind drakes
  6 hornets
  A troll (shapeshifter) (Depths:1)
  A queen bee (shapeshifter) (Vaults:3)
  A blink frog (shapeshifter) (Vaults:4)
  5 dream sheep
  59 slime creatures
  An ettin zombie (Vaults:4)
  2 blink frogs (Lair:4)
  A frost giant simulacrum (Depths:2)
  9 snapping turtles
  A flying skull (Depths:4)
  A spriggan (Depths:4)
  A spriggan (shapeshifter) (Vaults:3)
  2 redbacks (Vaults:2)
  3 shadows
  2 wraiths (Vaults:1)
  5 wyverns
  An ettin skeleton (Depths:2)
  27 yaks
  2 fire elementals
  15 water elementals
  5 hogs (D:11)
  A golden eye (Slime:4)
  3 basilisks
  A vampire mosquito (D:12)
  A chaos spawn (Depths:3)
  A yaktaur simulacrum (Vaults:1)
  3 wargs
  A naga (shapeshifter) (D:15)
  49 nagas
  2 acid dragons
  14 water moccasins
  A floating eye (Depths:2)
  2 sky beasts
  2 ice beasts (D:11)
  2 necrophages (D:11)
  27 orc warriors
  A black bear (D:13)
  A boggart (shapeshifter) (D:15)
  2 eyes of draining
  3 wolves (Lair:3)
  15 boggarts
  40 ogres
  A phantom (D:13)
  A tengu (shapeshifter) (D:15)
  5 centaurs
  2 big kobolds (Depths:3)
  12 bullfrogs
  2 human skeletons
  A wyvern zombie (D:11)
  A wyvern skeleton (D:12)
  4 scorpions
  8 killer bees
  An orc simulacrum (Vaults:2)
  4 wights (D:13)
  A vampire bat (D:10)
  2 electric eels
  A crimson imp (Depths:1)
  A bullfrog zombie (D:10)
  2 quasits
  7 hounds
  15 orc priests
  4 bullfrog skeletons
  16 orc wizards
  2 centaur skeletons
  6 jellies
  2 iron imps (Depths:1)
  3 iguanas
  6 worker ants
  A hound skeleton (D:4)
  3 gnolls (D:5)
  4 adders
  2 shadow imps
  14 white imps
  2 oozes
  4 ufetubi
  An adder skeleton (D:4)
  4 worms
  5 dart slugs
  3 leopard geckos
  55 orcs
  5 giant cockroaches
  2 goblins (D:3)
  11 hobgoblins
  3 jackals
  2 quokkas
  4 ball pythons
  18 bats
  6 frilled lizards
  10 kobolds
  7 rats
1426 creatures vanquished.

Vanquished Creatures (collateral kills)
  Bai Suzhen (Elf:3)
  A tentacled monstrosity (Depths:4)
  A lich (Depths:3)
  An acid blob (Slime:4)
  Kirke (D:12)
  A tengu reaver (Depths:1)
  A storm dragon (Depths:4)
  A nagaraja (Snake:4)
  2 fire giants
  An orc warlord (Vaults:3)
  Louise (Elf:2)
  5 stone giants
  2 ironheart preservers
  6 very ugly things
  A spark wasp (Depths:3)
  A deep elf annihilator (Vaults:1)
  An eidolon (Vaults:3)
  A death ooze (Slime:4)
  An ettin (Vaults:4)
  A deep elf high priest (Elf:3)
  A deep elf death mage (Vaults:3)
  2 fire dragons
  4 ogre magi
  2 yaktaur captains
  3 hydras
  A boulder beetle (D:12)
  3 naga warriors (Snake:4)
  A catoblepas (D:14)
  A spriggan air mage (Depths:3)
  3 merfolk avatars
  An anaconda (Snake:4)
  A hell beast (Depths:4)
  A centaur warrior (Vaults:3)
  22 two-headed ogres
  A dancing weapon (Elf:2)
  A merfolk aquamancer (Shoals:3)
  The ghost of Plazmod the Destroyer, a journeyman DECj of Vehumet (D:12)
  2 deep troll shamans (Depths:3)
  A deep troll earth mage (Depths:3)
  4 death yaks
  A vampire mage (Depths:3)
  3 orc high priests
  2 naga sharpshooters (Snake:4)
  A salamander mystic (Snake:4)
  An iron troll (Depths:3)
  A glowing orange brain (Depths:3)
  8 deep trolls
  A lindwurm (D:13)
  A phantasmal warrior (Vaults:3)
  A wizard (Vaults:2)
  2 deep elf archers
  An ironbrand convoker (Vaults:1)
  2 orc knights
  A harpy (Lair:6)
  A necromancer (Depths:3)
  A mana viper (Snake:4)
  3 shining eyes
  6 ugly things
  An orc sorcerer (Vaults:2)
  3 cyclopes
  2 fauns
  3 manticores
  A salamander (Snake:4)
  2 black mambas
  A merfolk siren (Shoals:2)
  2 naga magi (Snake:4)
  A vault sentinel (Vaults:3)
  3 guardian serpents
  2 cane toads
  2 efreet (D:14)
  4 komodo dragons
  2 rime drakes (Lair:5)
  A freezing wraith (Vaults:3)
  2 yaktaurs
  A komodo dragon (shapeshifter) (D:15)
  A hellwing (Depths:3)
  A red devil (Depths:4)
  6 merfolk
  4 polar bears
  A troll (D:11)
  2 wind drakes
  3 blink frogs (Lair:4)
  3 hornets
  11 slime creatures
  5 dream sheep
  A centaur simulacrum (D:13)
  A spriggan (Depths:4)
  3 flying skulls (Depths:4)
  A shadow (D:13)
  A water elemental (Shoals:1)
  14 yaks
  A wraith (Vaults:1)
  A fire elemental (Elf:3)
  A basilisk (Lair:1)
  3 wyverns
  A hog (D:12)
  3 vampire mosquitoes (D:12)
  A chaos spawn (Depths:3)
  2 wargs
  5 nagas
  A water moccasin (Lair:3)
  3 ice beasts
  8 orc warriors
  15 ogres
  An eye of draining (Slime:4)
  A centaur (D:11)
  5 wolves (Lair:3)
  2 boggarts (Vaults:3)
  2 killer bees
  A crimson imp (D:3)
  2 bullfrog zombies
  4 orc priests
  A jelly (D:6)
  6 orc wizards
  A worker ant (D:14)
  2 white imps
  22 orcs
  2 crawling corpses (Vaults:3)
312 creatures vanquished.

Vanquished Creatures (others)
  A komodo dragon (Lair:6)
  A naga mage (Snake:4)
  A cane toad (Lair:5)
  2 hornets (Lair:6)
  A water elemental (Shoals:1)
  2 boggarts
  An orc wizard (D:11)
  52 fungi
  107 plants
  21 tentacles (Shoals:2)
  5 withered plants (Elf:3)
194 creatures vanquished.

Grand Total: 1932 creatures vanquished

Notes
Turn   | Place    | Note
-------+----------+-------------------------------------------
     0 | D:1      | dolemite99 the Demonspawn Gladiator began the quest for the
                  | Orb.
     0 | D:1      | Reached XP level 1. HP: 16/16 MP: 1/1
    64 | D:1      | Gained mutation: You have a pair of small antennae on your
                  | head. [demonic ancestry]
    64 | D:1      | Reached XP level 2. HP: 15/22 MP: 2/2
   603 | D:1      | Reached XP level 3. HP: 19/27 MP: 3/3
  2297 | D:2      | Gained mutation: You have a pair of antennae on your head.
                  | [demonic ancestry]
  2297 | D:2      | Reached XP level 4. HP: 33/33 MP: 4/4
  3125 | D:3      | Reached skill level 5 in Staves
  3125 | D:3      | Reached skill level 1 in Slings
  3299 | D:3      | Gained mutation: A weak demonic guardian rushes to your
                  | aid. [demonic ancestry]
  3299 | D:3      | Reached XP level 5. HP: 37/37 MP: 5/5
  3328 | D:3      | Found a burning altar of Makhleb.
  3336 | D:3      | Became a worshipper of Makhleb the Destroyer
  3583 | D:4      | You fall into a shaft and drop 2 floors!
  3666 | D:5      | Entered Level 5 of the Dungeon
  4000 | D:4      | Reached XP level 6. HP: 39/44 MP: 6/6
  4099 | D:4      | Found a sacrificial altar of Ru.
  4141 | D:4      | Found a shimmering blue altar of Sif Muna.
  4629 | D:5      | Found Diunk's Book Boutique.
  4682 | D:5      | Noticed a sky beast
  4709 | D:5      | Killed a sky beast
  4983 | D:5      | Found a staircase to the Ecumenical Temple.
  5259 | D:5      | Found a runed translucent door.
  5260 | D:5      | Noticed Crazy Yiuf
  5362 | D:5      | Gained mutation: Your flesh is heat resistant. (rF+)
                  | [demonic ancestry]
  5362 | D:5      | Reached XP level 7. HP: 38/50 MP: 7/7
  5866 | D:6      | Reached skill level 1 in Armour
  6096 | D:6      | Found a stormy altar of Qazlal.
  6628 | D:6      | Found Cohyrul's Assorted Antiques.
  6639 | D:6      | Bought a scroll of blinking for 195 gold pieces
  6639 | D:6      | Bought a potion of heal wounds for 130 gold pieces
  6641 | D:6      | Found a blossoming altar of Fedhas.
  6734 | D:7      | Got a brightly glowing trident
  6820 | D:7      | Identified the +1 trident "Viomokho" {drain, rElec rPois
                  | rF+} (You found it on level 7 of the Dungeon)
  6872 | D:7      | Reached * piety under Makhleb
  7198 | D:7      | Identified the Grimoire of Summoning and Feathers
  7825 | D:8      | Gained mutation: You have sharp fingernails. [demonic
                  | ancestry]
  7825 | D:8      | Reached XP level 8. HP: 56/56 MP: 6/8
  7826 | D:8      | Reached skill level 5 in Armour
  7896 | D:8      | Noticed a two-headed ogre
  8406 | D:8      | Killed a two-headed ogre
  8535 | D:8      | Found a staircase to the Lair.
  8668 | D:8      | Found a glowing silver altar of Zin.
  8782 | D:8      | Found a hazy altar of Hepliaklqana.
  8853 | D:9      | Noticed a four-headed hydra
  8863 | D:9      | Killed a four-headed hydra
  8864 | D:9      | Gained mutation: You have a pair of large antennae on your
                  | head. (SInv) [demonic ancestry]
  8864 | D:9      | Reached XP level 9. HP: 36/61 MP: 5/9
  9365 | D:10     | Entered Level 10 of the Dungeon
  9446 | D:10     | Reached skill level 10 in Staves
  9526 | D:10     | Found Wuocium's General Store.
  9534 | D:9      | Paralysed by a hornet for 1 turns
 10153 | D:10     | Reached skill level 1 in Short Blades
 10190 | D:10     | Bought a scroll of identify for 28 gold pieces
 10772 | D:10     | Noticed a two-headed ogre
 10791 | D:10     | Killed a two-headed ogre
 10792 | D:10     | Reached skill level 4 in Fighting
 10846 | D:10     | Reached XP level 10. HP: 68/71 MP: 10/12
 11436 | D:10     | Reached ** piety under Makhleb
 11526 | D:10     | Noticed a gargoyle
 11529 | D:10     | Killed a gargoyle
 11852 | D:11     | Found Okerr's Weapon Emporium.
 11907 | D:11     | Found a staircase to the Orcish Mines.
 11911 | D:11     | Noticed a two-headed ogre
 11917 | D:11     | Killed a two-headed ogre
 12992 | D:11     | Noticed a white ugly thing
 12992 | D:11     | Noticed a cyan ugly thing
 13052 | D:11     | Reached skill level 1 in Bows
 13284 | D:11     | Killed a white ugly thing
 13452 | D:11     | Noticed a brown ugly thing
 13454 | D:11     | Noticed a two-headed ogre
 13524 | D:11     | Killed a brown ugly thing
 13525 | D:11     | Gained mutation: You are immune to clouds of flame.
                  | [demonic ancestry]
 13525 | D:11     | Reached XP level 11. HP: 31/77 MP: 8/15
 14266 | D:11     | Reached *** piety under Makhleb
 14688 | Orc:1    | Entered Level 1 of the Orcish Mines
 14780 | Lair:1   | Entered Level 1 of the Lair of Beasts
 14780 | Lair:1   | Noticed an eight-headed hydra
 14792 | Lair:1   | Killed an eight-headed hydra
 14793 | Lair:1   | Reached skill level 5 in Fighting
 15256 | Lair:1   | Noticed a five-headed hydra
 15270 | Lair:1   | Reached skill level 6 in Fighting
 15291 | Lair:1   | Killed a five-headed hydra
 16308 | Lair:1   | Reached skill level 7 in Fighting
 16458 | Lair:2   | Reached skill level 1 in Evocations
 17997 | Lair:3   | Reached skill level 5 in Evocations
 18659 | Lair:3   | Found a staircase to the Snake Pit.
 18886 | Lair:3   | Gained mutation: You have very sharp fingernails. [demonic
                  | ancestry]
 18886 | Lair:3   | Reached XP level 12. HP: 44/91 MP: 14/18
 20191 | Lair:4   | Noticed a death yak
 20191 | Lair:4   | Noticed a death yak
 20191 | Lair:4   | Noticed a death yak
 20191 | Lair:4   | Noticed a death yak
 20217 | Lair:3   | Killed a death yak
 20599 | Lair:4   | You fall into a shaft and drop 2 floors!
 20599 | Lair:6   | Entered Level 6 of the Lair of Beasts
 21003 | Lair:5   | Reached skill level 8 in Fighting
 21736 | Lair:4   | Killed a death yak
 21737 | Lair:4   | Reached skill level 9 in Fighting
 21742 | Lair:4   | Killed a death yak
 21747 | Lair:4   | Killed a death yak
 22779 | Lair:4   | Noticed an anaconda
 22789 | Lair:4   | Noticed tinescath's ghost (journeyman GrEE)
 22836 | Lair:4   | Noticed a four-headed hydra
 22883 | Lair:4   | Found a transporter.
 23267 | Lair:4   | Found a staircase to the Shoals.
 23287 | Lair:4   | Found a transporter.
 23891 | Lair:5   | Found a staircase to the Slime Pits.
 24347 | Lair:6   | Paralysed by a hornet for 1 turns
 24487 | Lair:6   | Noticed a merfolk avatar
 24494 | Lair:6   | Noticed a five-headed hydra
 24496 | Lair:6   | Killed a merfolk avatar
 24515 | Lair:6   | Killed a five-headed hydra
 24597 | Lair:6   | Gained mutation: You have sharp toenails. [demonic
                  | ancestry]
 24597 | Lair:6   | Reached XP level 13. HP: 64/101 MP: 20/20
 24913 | Lair:6   | Reached skill level 10 in Invocations
 25787 | Lair:6   | Reached skill level 10 in Fighting
 27369 | D:12     | Noticed Maurice
 27524 | D:12     | Got an ivory hand axe
 27527 | D:12     | Identified the +10 hand axe of Bloodstone {flame, *Drain
                  | Str+2 Int+6} (You found it on level 12 of the Dungeon)
 27698 | D:12     | Noticed Kirke
 28094 | D:12     | Noticed Urug
 28380 | Orc:1    | Reached skill level 1 in Polearms
 29357 | Orc:2    | Entered Level 2 of the Orcish Mines
 29468 | Orc:2    | Reached skill level 5 in Polearms
 29609 | Orc:2    | Reached XP level 14. HP: 111/111 MP: 22/22
 29756 | Orc:2    | Reached **** piety under Makhleb
 29761 | Orc:2    | Found Ecyequc's Antique Armour Shoppe.
 29761 | Orc:2    | Found Dioroudi's Distillery.
 29789 | Orc:2    | Found a staircase to the Elven Halls.
 29798 | Orc:2    | Found Heserhic's Distillery.
 29798 | Orc:2    | Found Jifecuff's Book Emporium.
 29808 | Orc:2    | Bought a jewelled buckler for 256 gold pieces
 29818 | Orc:2    | Identified the +1 buckler of Heweypida {Harm *Drain Will+
                  | Int+6} (You bought it in a shop on level 2 of the Orcish
                  | Mines)
 29822 | Orc:2    | Bought a potion of heal wounds for 55 gold pieces
 29830 | Orc:2    | Bought a potion of curing for 33 gold pieces
 29830 | Orc:2    | Bought a potion of curing for 33 gold pieces
 29830 | Orc:2    | Bought a potion of lignification for 33 gold pieces
 29830 | Orc:2    | Bought a potion of might for 44 gold pieces
 29830 | Orc:2    | Bought 2 potions of curing for 66 gold pieces
 29830 | Orc:2    | Bought a potion of magic for 88 gold pieces
 29830 | Orc:2    | Bought a potion of flight for 33 gold pieces
 29830 | Orc:2    | Bought a potion of flight for 33 gold pieces
 29830 | Orc:2    | Bought 2 potions of flight for 66 gold pieces
 29849 | Orc:2    | Learned a level 2 spell: Blink
 30085 | Orc:2    | Reached skill level 1 in Shields
 30347 | D:12     | Found a runed translucent door.
 30362 | D:12     | Noticed Plazmod's ghost (journeyman DECj)
 30420 | D:12     | Killed Plazmod's ghost
 30450 | D:12     | Noticed a sphinx
 30453 | D:12     | Killed Kirke
 30596 | D:12     | You fall into a shaft and drop 3 floors!
 30596 | D:15     | Entered Level 15 of the Dungeon
 30797 | D:13     | Found a hazy altar of Hepliaklqana.
 31517 | D:13     | Found a gate to the Vaults.
 32964 | D:15     | Found Boedetoc's Weapon Boutique.
 33049 | D:15     | Identified Roxanne's Handbook of Transmigration
 33049 | D:15     | Noticed Roxanne
 33413 | D:15     | Found a staircase to the Depths.
 34052 | D:15     | Reached skill level 10 in Polearms
 34650 | D:6      | Bought a glowing lajatang for 468 gold pieces
 34722 | Snake:1  | Entered Level 1 of the Snake Pit
 34817 | D:10     | Bought the +4 lajatang "Nymaur" {freeze, rPois Int+3 Dex-5}
                  | for 756 gold pieces
 35093 | Snake:1  | Reached skill level 11 in Fighting
 35411 | Snake:1  | Found a basalt altar of Yredelemnul.
 37925 | Snake:2  | Gained mutation: Your demonic aura causes spilled blood to
                  | erupt in flames. [demonic ancestry]
 37925 | Snake:2  | Reached XP level 15. HP: 53/120 MP: 12/23
 39053 | Snake:2  | Reached skill level 12 in Fighting
 39978 | Snake:3  | Noticed a nagaraja
 39990 | Snake:3  | Killed a nagaraja
 40209 | Snake:4  | Entered Level 4 of the Snake Pit
 40248 | Snake:4  | Noticed a nagaraja
 40331 | Snake:4  | Reached skill level 10 in Armour
 41142 | Snake:4  | Killed a nagaraja
 41697 | Snake:4  | Reached skill level 13 in Fighting
 42565 | Snake:4  | Noticed a nagaraja
 42579 | Snake:4  | Killed a nagaraja
 42924 | Snake:4  | Noticed a nagaraja
 42937 | Snake:4  | Killed a nagaraja
 42944 | Snake:4  | Noticed a nagaraja
 43019 | Snake:4  | Killed a nagaraja
 43190 | Snake:4  | Noticed a nagaraja
 43402 | Snake:4  | Noticed a nagaraja
 43422 | Snake:4  | Killed a nagaraja
 43431 | Snake:4  | Gained mutation: A demonic guardian rushes to your aid.
                  | [demonic ancestry]
 43431 | Snake:4  | Reached XP level 16. HP: 76/132 MP: 12/25
 43451 | Snake:4  | Reached skill level 14 in Fighting
 45113 | Snake:4  | Got a serpentine rune of Zot
 45254 | Shoals:1 | Entered Level 1 of the Shoals
 45491 | Shoals:1 | Identified the +7 spear of Watchfulness {elec, *Rage rPois
                  | Str+4}
 46468 | Shoals:1 | Found a runed translucent door.
 46468 | Shoals:1 | Noticed Liimbo's ghost (adept FoWn)
 46918 | Shoals:2 | Noticed a kraken
 47333 | Shoals:4 | Entered Level 4 of the Shoals
 47478 | Shoals:2 | Reached skill level 15 in Fighting
 47813 | Shoals:2 | Got a twisted fustibalus
 48031 | Snake:2  | Identified the +7 fustibalus "Fuapnu Viso" {venom, Str+4}
                  | (You found it on level 2 of the Shoals)
 48623 | D:11     | Bought 14 sling bullets for 105 gold pieces
 48657 | D:12     | Killed Urug
 49119 | D:12     | Killed Maurice
 49574 | Vaults:1 | Entered Level 1 of the Vaults
 49648 | Vaults:1 | Reached skill level 5 in Slings
 49827 | Vaults:1 | Reached XP level 17. HP: 142/142 MP: 27/27
 49985 | Vaults:1 | Found Vosaw's Magic Scroll Boutique.
 51506 | Vaults:1 | Bought a scroll of fear for 66 gold pieces
 51506 | Vaults:1 | Bought a scroll of fear for 66 gold pieces
 52324 | Vaults:2 | Reached skill level 5 in Dodging
 53129 | Vaults:2 | Reached ***** piety under Makhleb
 53950 | Vaults:2 | Found Sefouj's General Store.
 53987 | Vaults:2 | Bought a +2 plate armour of fire resistance for 520 gold
                  | pieces
 54372 | Vaults:3 | Reached skill level 10 in Slings
 54372 | Vaults:3 | Gained mutation: You are robust. (+10% HP) [demonic
                  | ancestry]
 54372 | Vaults:3 | Reached XP level 18. HP: 142/163 MP: 28/28
 54763 | Vaults:3 | Paralysed by an orc sorcerer for 2 turns
 55097 | Vaults:3 | Reached skill level 15 in Invocations
 55965 | Vaults:3 | Noticed Mennas
 56004 | Vaults:3 | Noticed a Brimstone Fiend
 56089 | Vaults:3 | Found a staircase to the Crypt.
 56132 | Vaults:3 | Paralysed by a vampire knight for 5 turns
 56536 | Vaults:3 | Found Esuen's Gadget Boutique.
 56543 | Vaults:3 | Bought a wand of iceblast (5) for 162 gold pieces
 56856 | Vaults:4 | Reached skill level 16 in Fighting
 56921 | Vaults:4 | Gained mutation: You have razor-sharp toenails. [demonic
                  | ancestry]
 56921 | Vaults:4 | Reached XP level 19. HP: 137/172 MP: 30/30
 57404 | Elf:1    | Entered Level 1 of the Elven Halls
 57641 | Elf:1    | Found a magical portal.
 58050 | Elf:1    | Found Lohixex's Assorted Antiques.
 58169 | Elf:1    | Bought a scroll labelled ZIAKKO LEATANN for 37 gold pieces
 58342 | Elf:1    | Noticed Aizul
 58351 | Elf:1    | Killed Aizul
 62482 | Shoals:4 | Got a barnacled rune of Zot
 63549 | Elf:2    | Noticed Louise
 63569 | Elf:2    | Killed Louise
 63682 | Elf:2    | Gained mutation: You are dopey. (Int -2) [a neqoxec]
 63762 | Elf:2    | Reached skill level 5 in Shields
 63763 | Elf:2    | Found a runed translucent gate.
 63763 | Elf:2    | Found a runed translucent gate.
 63764 | Elf:2    | Found a runed translucent gate.
 64605 | Depths:1 | Entered Level 1 of the Depths
 64610 | Depths:1 | Found a huge runed gate.
 64610 | Depths:1 | Found a huge runed gate.
 64610 | Depths:1 | Found a huge runed gate.
 64610 | Depths:1 | Found a huge runed gate.
 65311 | Depths:1 | Found a huge runed gate.
 65311 | Depths:1 | Found a huge runed gate.
 65312 | Depths:1 | Found a huge runed gate.
 65314 | Depths:1 | Found a huge runed gate.
 65355 | Depths:1 | Gained mutation: You have claws for feet. [demonic
                  | ancestry]
 65355 | Depths:1 | Reached XP level 20. HP: 182/182 MP: 32/32
 65548 | Depths:1 | Found a huge runed gate.
 65548 | Depths:1 | Found a huge runed gate.
 65548 | Depths:1 | Found a huge runed gate.
 65548 | Depths:1 | Found a huge runed gate.
 65553 | Depths:1 | Found a huge runed gate.
 65553 | Depths:1 | Found a huge runed gate.
 65553 | Depths:1 | Found a huge runed gate.
 65553 | Depths:1 | Found a huge runed gate.
 65553 | Depths:1 | Found a huge runed gate.
 65554 | Depths:1 | Found a huge runed gate.
 65555 | Depths:1 | Found a huge runed gate.
 65560 | Depths:1 | Found a huge runed gate.
 65562 | Depths:1 | Found a huge runed gate.
 65602 | Depths:1 | You fall into a shaft and drop 1 floor!
 66327 | Depths:1 | Found a one-way gate leading to the halls of Pandemonium.
 66368 | Depths:1 | Found Amoon's Armour Emporium.
 66369 | Depths:1 | Found Puxiff's Antique Weapon Shoppe.
 66369 | Depths:1 | Found Bupluoz's Weapon Emporium.
 66372 | Depths:1 | Found Hoxoanih's General Store.
 66526 | Depths:1 | Bought a scroll of blinking for 112 gold pieces
 66526 | Depths:1 | Bought a scroll of magic mapping for 52 gold pieces
 66536 | Depths:1 | Bought a +2 chain mail of willpower for 279 gold pieces
 66696 | Depths:1 | Found a gateway to Hell.
 66766 | Depths:1 | Found a huge runed gate.
 66778 | Depths:1 | Found a huge runed gate.
 66778 | Depths:1 | Found a huge runed gate.
 66779 | Depths:1 | Found a huge runed gate.
 66779 | Depths:1 | Found a huge runed gate.
 66779 | Depths:1 | Found a huge runed gate.
 66790 | Depths:1 | Found a huge runed gate.
 66794 | Depths:1 | Found a huge runed gate.
 66795 | Depths:1 | Found a huge runed gate.
 66798 | Depths:1 | Found a huge runed gate.
 66798 | Depths:1 | Found a huge runed gate.
 66799 | Depths:1 | Found a huge runed gate.
 67110 | Depths:2 | Reached skill level 10 in Shields
 67340 | Depths:2 | Identified the +5 mace "Ijabu" {drain, Dex+4} (You found it
                  | on level 2 of the Depths)
 67490 | Depths:2 | Reached skill level 1 in Maces & Flails
 67674 | Depths:2 | Found a gateway to a ziggurat.
 68040 | Depths:2 | Reached skill level 5 in Maces & Flails
 69267 | Depths:3 | HP: 9/182 [deep troll (2)]
 70967 | Depths:3 | Gained mutation: You have claws for hands. [demonic
                  | ancestry]
 70967 | Depths:3 | Reached XP level 21. HP: 176/189 MP: 33/33
 71253 | Depths:3 | Found a burning altar of Makhleb.
 71255 | Depths:3 | Paralysed by a vampire knight for 7 turns
 71277 | Depths:3 | Reached skill level 1 in Stealth
 71832 | Depths:3 | Found a runed translucent door.
 71868 | Depths:3 | Noticed a juggernaut
 71891 | Depths:3 | Reached skill level 5 in Stealth
 71901 | Depths:3 | Killed a juggernaut
 72033 | Depths:3 | Identified the Compendium of Unholy Rites
 72460 | Hell     | Entered the Vestibule of Hell
 72460 | Hell     | Noticed Geryon
 73086 | Depths:4 | Found a one-way gate to the infinite horrors of the Abyss.
 73376 | Depths:4 | Reached skill level 10 in Stealth
 73384 | Depths:4 | Noticed a caustic shrike
 73384 | Depths:4 | Noticed a golden dragon
 73384 | Depths:4 | Noticed a caustic shrike
 73391 | Depths:4 | Noticed a caustic shrike
 73563 | Depths:4 | Killed a caustic shrike
 74024 | Depths:4 | Identified the +6 war axe of Descent {drain, rElec Str+2
                  | Int+6} (You found it on level 4 of the Depths)
 74222 | Depths:4 | Killed a caustic shrike
 74381 | Depths:4 | Killed a caustic shrike
 74382 | Depths:4 | Reached skill level 17 in Fighting
 74655 | Depths:4 | Reached XP level 22. HP: 175/199 MP: 34/34
 74790 | Depths:4 | Killed a golden dragon
 75203 | Depths:4 | Noticed a golden dragon
 75227 | Depths:4 | Killed a golden dragon
 76211 | Depths:4 | Paralysed by a lich for 6 turns
 76437 | Depths:5 | Entered Level 5 of the Depths
 76941 | Depths:4 | Reached skill level 15 in Armour
 78463 | Depths:5 | Noticed the Enchantress
 78812 | Elf:3    | Entered Level 3 of the Elven Halls
 79161 | Elf:3    | Noticed Bai Suzhen
 79185 | Elf:3    | Killed Bai Suzhen
 79590 | Elf:3    | Identified the +1 robe of Adoolyrr {Str+2}
 80031 | Elf:3    | Identified the +2 robe of Sovae {*Contam rN+ Regen+}
 80192 | Elf:3    | Identified the ring of Mawuruum {Ice rElec Int-5 Slay+2}
 80369 | Elf:3    | Identified the amulet "Virair" {Spirit *Slow Fragile
                  | Will+++ Dex+9}
 80503 | Elf:3    | Found the +10 morningstar "Eos" {elec, Halo rElec}
 80581 | Elf:3    | Reached skill level 1 in Axes
 80867 | Elf:3    | Found a runed translucent gate.
 80911 | Elf:3    | Found a runed translucent gate.
 80911 | Elf:3    | Found a runed translucent gate.
 80912 | Elf:3    | Noticed rpgfanatic64's ghost (adept GnDe)
 80912 | Elf:3    | Noticed RandomCharacter's ghost (adept VSFE)
 80918 | Elf:3    | Found the +7 lajatang of Order {silver, rMut}
 82224 | Orc:2    | Bought a potion of resistance for 100 gold pieces
 82224 | Orc:2    | Bought 2 potions of heal wounds for 100 gold pieces
 82224 | Orc:2    | Bought a potion of heal wounds for 50 gold pieces
 82224 | Orc:2    | Bought a potion of heal wounds for 50 gold pieces
 82224 | Orc:2    | Bought a potion of berserk rage for 50 gold pieces
 82224 | Orc:2    | Bought 2 potions of berserk rage for 100 gold pieces
 82328 | Elf:1    | Bought a potion of heal wounds for 185 gold pieces
 82328 | Elf:1    | Bought a potion of heal wounds for 185 gold pieces
 82328 | Elf:1    | Bought a scroll of teleportation for 111 gold pieces
 82328 | Elf:1    | Bought a potion of might for 148 gold pieces
 82547 | Vaults:1 | Bought 3 scrolls of enchant armour for 427 gold pieces
 83357 | Slime:1  | Entered Level 1 of the Pits of Slime
 83446 | Slime:2  | Gained mutation: You are clumsy. (Dex -2) [a shining eye]
 83448 | Slime:2  | Gained mutation: You are very clumsy. (Dex -4) [a shining
                  | eye]
 83687 | Slime:3  | Noticed Dissolution
 83700 | Slime:3  | Paralysed by a floating eye for 3 turns
 83713 | Slime:4  | Gained mutation: Scrolls take you a little longer to read.
                  | [a shining eye]
 84201 | Slime:3  | Paralysed by a floating eye for 3 turns
 84212 | Slime:3  | Paralysed by a floating eye for 2 turns
 84231 | Slime:3  | Gained mutation: Scrolls take you longer to read. [a
                  | shining eye]
 84234 | Slime:4  | Gained mutation: You are covered in fur. (AC +1) [a shining
                  | eye]
 84253 | Slime:4  | Reached skill level 10 in Maces & Flails
 84255 | Slime:4  | Gained mutation: You are very dopey. (Int -4) [a shining
                  | eye]
 84258 | Slime:4  | Gained mutation: You tend to lose your temper in combat. [a
                  | shining eye]
 84659 | Slime:5  | Entered Level 5 of the Pits of Slime
 84689 | Slime:4  | Gained mutation: You are very robust. (+20% HP) [demonic
                  | ancestry]
 84689 | Slime:4  | Reached XP level 23. HP: 152/225 MP: 27/35
 84757 | Slime:5  | Noticed the Royal Jelly
 84932 | Slime:4  | Gained mutation: Your flesh is very heat resistant. (rF++)
                  | [a shining eye]
 85198 | Slime:4  | Gained mutation: Your spells are a little easier to cast,
                  | but a little less powerful. [a shining eye]
 85202 | Slime:4  | Gained mutation: You often lose your temper in combat. [a
                  | shining eye]
 85469 | Slime:4  | HP: 8/218 [acid blob (5)]
 85469 | Slime:4  | HP: 3/218 [acid (5)]
 85469 | Slime:4  | Annihilated by an acid blob

Illustrated notes

Levels and vault maps discovered:
D:1:      minmay_arrival_stone_box, layout_loops_cross
D:2:      layout_rooms, bh_walls_and_bars
D:3:      minmay_octagon_keep, layout_rooms, makhleb_grotto_becter
D:4:      layout_basic, nicolae_ru_awakened_eye, led_sif_pool
D:5:      layout_loops_corners, temple_green, serial_shops, nicolae_shop_trees,
          minmay_chambers_of_fives, uniq_crazy_yiuf_cottage
D:6:      layout_basic, lemuel_crystal_altar, serial_shops, shop, basic_altar
D:7:      layout_rooms, minmay_misc_feat_x
D:8:      layout_cave_pods, kennysheep_mini_moat, lair_entry_dummy, basic_altar
D:9:      layout_basic
D:10:     layout_irregular_city, serial_shops, shop, roderic_batcave, hex_tiny
D:11:     layout_loops_ring, orc_0_dummy, serial_shops, nicolae_shop_trees
D:12:     layout_layer_cave, gammafunk_ghost_grave, uniq_urug, uniq_kirke,
          uniq_maurice
D:13:     layout_roguey, david_vaults_4, basic_altar, billiards_dpeg
D:14:     layout_cave_pools, nicolae_sextant, serial_park,
          minmay_misc_feat_hallway
D:15:     gammafunk_enter_depths_forms, layout_loops_ring, serial_shops, shop,
          roderic_roman_lattice, nrook_guardian_serpent_ordinary, uniq_roxanne
Lair:1:   layout_chaotic_city, chequers_serial_rivers_room_a
Lair:2:   layout_long_grid, beast_lair_carwin_2
Lair:3:   layout_long_grid, dummy_snake_entry, infiniplex_staircase_pool
Lair:4:   layout_misc_corridors, minmay_shoals_entry_beasts,
          gammafunk_ghost_berserking_beasts, portal_ice_cave_entry_imps,
          zaba_antful_of_joy, serial_bayou_shore_a
Lair:5:   layout_concentric_octagons, slime_dummy, minivault_25,
          grunt_megastairs_5, infiniplex_staircase_pool_2
Lair:6:   gammafunk_lair_ancient_temple, layout_loops_ring,
          grunt_forest_stairs_basic
Shoals:1: layout_shoals, ebering_ghost_inner_flame
Shoals:2: layout_shoals
Shoals:3: layout_shoals
Shoals:4: shoals_end_hangedman, layout_shoals
Snake:1:  layout_layer_cave, basic_altar, lemuel_fruit_tree
Snake:2:  layout_grid_shapes
Snake:3:  layout_rooms
Snake:4:  johnstein_snake_rune_scales, layout_cave_shapes, guppyfry_library_mini
Slime:1:  layout_caves
Slime:2:  layout_caves
Slime:3:  layout_caves, dissolution_awaits
Slime:4:  layout_caves, special_room [special_room_jelly]
Slime:5
Orc:1:    layout_caves
Orc:2:    st_orc_ogre_mass, layout_caves
Elf:1:    elf_arrival_001, layout_geoelf_octagon, mu_enter_wizlab_2,
          serial_shops, shop, kennysheep_underground_church, minivault_16,
          uniq_aizul
Elf:2:    layout_geoelf_octagon, uniq_louise
Elf:3:    grunt_elf_hall_diamonds, layout_loops_cross, gammafunk_ghost_cemetery,
          uniq_bai_suzhen
Vaults:1: hangedman_vaults_slice, hangedman_vaults_pinch, v_misc_17,
          nicolae_vaults_asterisk, hangedman_vaults_stitches, serial_ice_b,
          nicolae_vaults_circle_grid_a, hangedman_vaults_stream,
          grunt_vaults_focal, nicolae_vaults_twisting_passages,
          layout_vaults_omnibox, serial_shops, nicolae_shop_window_shopping
Vaults:2: vaults_room_pools, hangedman_vaults_trim, v_misc_16, v_misc_15,
          v_pattern_1, v_misc_8, hangedman_vaults_trim,
          nicolae_vaults_ring_of_whatevers, vaults_room_mumra_shop_pool,
          layout_vaults_omnigrid
Vaults:3: minmay_crypt_entry_simple_round, grunt_vaults_hallway_long,
          nicolae_vaults_arrows, nicolae_vaults_stairing_the_circle,
          nicolae_vaults_three_branches, ontoclasm_vaults_shuriken,
          nicolae_vaults_network_s, nicolae_vaults_circle_grid_a,
          ontoclasm_vaults_twist, ontoclasm_vaults_decontamination,
          special_room_vaults [special_room_orc], layout_vaults_big_room,
          serial_shops, shop, uniq_mennas
Vaults:4: v_misc_12, vaults_room_semicircle, nicolae_vaults_little_squares_1,
          grunt_vaults_funnel, v_rooms_2, nicolae_vaults_minivaults,
          vaults_mumra_hexcomb, v_alt_pattern_2, v_misc_11,
          vaults_room_door_ring, nicolae_vaults_asterisk,
          ontoclasm_vaults_loading_screen, layout_vaults_ring, serial_shops,
          nicolae_shop_trees
Depths:1: layout_cave_pools, hangedman_coc_ice_floe, grunt_pan_entry_sceptre,
          minmay_misc_feat_cross, minmay_stone_trees_small, door_vault,
          minmay_shoptagon, serial_bayou_shore_b
Depths:2: hangedman_arrow_trap, layout_basic, enter_ziggurat_a,
          grunt_hell_entry_dis_mu, firewood_loft,
          minmay_staircase_statues_hall_large
Depths:3: minmay_the_grid_triangle_9x9_recursive_3
          [minmay_the_grid_triangle_9x9_subtriangle,
          minmay_the_grid_triangle_9x9_checkered,
          minmay_the_grid_triangle_9x9_minimal,
          minmay_the_grid_triangle_9x9_prize_center,
          minmay_the_grid_triangle_9x9_corruption,
          minmay_the_grid_triangle_9x9_shrine,
          minmay_the_grid_triangle_9x9_dagger,
          minmay_the_grid_triangle_9x9_from_above,
          minmay_the_grid_triangle_9x9_empty], layout_cave_pools,
          rand_demon_pan_entry_3, marbit_kobold_abyss_entry,
          serial_bayou_pond_e, hell_entry
Depths:4: grunt_arcs, layout_twisted_cross, abyss_entry, grunt_mini_vestibule,
          grunt_pan_entry_zigzag, corexii_leaking_fountain, kennysheep_dice,
          minmay_staircase_bubble
Depths:5: grunt_zot_entry_funnels, layout_cave_pools, rand_demon_pan_entry_9,
          abyss_entry_crystal, hell_entry, dk_noncrumbling_4,
          serial_bayou_pond_b, uniq_enchantress
Hell

Skill      XL: |  1  2  3  4  5  6  7  8  9 10 11 12 13 14 15 16 17 18 19 20 21 22 23 |
---------------+----------------------------------------------------------------------+-----
Staves         | 3 4 5 6 9 10 12 | 12.7
Slings         | 1 2 3 6 10 11 12 13 | 13.6
Armour         | 4 5 8 9 11 12 13 14 15 | 15.1
Short Blades   | 2 |  2.2
Fighting       | 4 7 9 10 11 13 15 16 17 | 17.6
Invocations    | 2 6 9 11 12 14 15 16 | 16.9
Bows           | 2 |  2.0
Evocations     | 6 8 |  8.0
Polearms       | 6 10 | 10.3
Shields        | 3 7 10 12 | 12.7
Dodging        | 8 |  8.1
Maces & Flails | 8 9 10 11 | 11.4
Stealth        | 11 | 11.3
Axes           | 1 |  1.0
Throwing       | |  1.7

Action                   |  1- 3 |  4- 6 |  7- 9 | 10-12 | 13-15 | 16-18 | 19-21 | 22-24 || total
-------------------------+-------+-------+-------+-------+-------+-------+-------+-------++-------
Melee: Quarterstaff      |   127 |   143 |   190 |   363 |    88 |       |       |       ||   911
       Dagger            |       |    40 |    27 |       |       |       |       |       ||    67
       Trident           |       |       |    14 |       |   631 |       |       |       ||   645
       Lajatang          |       |       |       |       |   439 |   491 |    33 |       ||   963
       Fustibalus        |       |       |       |       |       |     1 |       |       ||     1
       Demon trident     |       |       |       |       |       |       |   273 |    62 ||   335
       Kick              |       |       |       |       |       |       |   176 |   132 ||   308
       Demon whip        |       |       |       |       |       |       |   237 |    50 ||   287
       War axe           |       |       |       |       |       |       |     5 |       ||     5
       Morningstar       |       |       |       |       |       |       |       |   133 ||   133
 Fire: Arbalest          |       |       |     1 |    34 |       |       |       |       ||    35
       Shortbow          |       |       |       |   178 |    64 |       |       |       ||   242
       Fustibalus        |       |       |       |       |       |   795 |  1040 |   464 ||  2299
Throw: Throwing net      |     5 |     1 |       |       |       |       |     2 |       ||     8
       Stone             |    28 |     1 |       |       |       |       |    67 |    21 ||   117
       Dart              |       |    40 |    26 |    89 |   226 |       |       |       ||   381
       Javelin           |       |       |       |       |    10 |    41 |       |       ||    51
       Boomerang         |       |       |       |       |    59 |   134 |       |       ||   193
Invok: Minor Destruction |       |       |       |   383 |   160 |       |       |       ||   543
       Lesser Servant of |       |       |       |    15 |    74 |    46 |    44 |    21 ||   200
       Greater Servant o |       |       |       |       |       |     2 |     7 |       ||     9
Evoke: Wand              |       |       |     9 |    22 |    32 |     8 |    20 |     8 ||    99
       Phial of floods   |       |       |       |     1 |     5 |     2 |     5 |     5 ||    18
       Tin of tremorston |       |       |       |       |     6 |     6 |    13 |     7 ||    32
       Phantom mirror    |       |       |       |       |     2 |     4 |     7 |     3 ||    16
       Condenser vane    |       |       |       |       |       |     6 |    10 |     4 ||    20
       Lightning rod     |       |       |       |       |       |       |    16 |     8 ||    24
  Use: Scroll            |     5 |    11 |    15 |    10 |    18 |    10 |    24 |    16 ||   109
       Potion            |       |       |     5 |    10 |    17 |     3 |     6 |     9 ||    50
 Stab: Sleeping          |     1 |       |       |       |       |       |       |       ||     1
       Distracted        |       |     1 |     1 |     5 |    11 |     7 |     6 |     4 ||    35
       Paralysed         |       |       |       |       |     8 |       |       |       ||     8
       Fleeing           |       |       |       |       |       |       |     1 |       ||     1
       Confused          |       |       |       |       |       |       |     2 |       ||     2
Armor: Leather armour    |    20 |       |       |       |       |       |       |       ||    20
       Ring mail         |    33 |    50 |       |       |       |       |       |       ||    83
       Chain mail        |       |     1 |    12 |       |   105 |   257 |   161 |    69 ||   605
       Plate armour      |       |       |   146 |   457 |   629 |   136 |   183 |   104 ||  1655
       Skin              |       |       |    39 |    13 |     1 |       |       |       ||    53
Dodge: Dodged            |    97 |   124 |    72 |   241 |   396 |   459 |   357 |   179 ||  1925
Block: Buckler           |       |       |       |       |    66 |       |       |       ||    66
       Kite shield       |       |       |       |       |       |       |   425 |   349 ||   774
       Reflection        |       |       |       |       |       |       |    41 |    34 ||    75

Table legend: (Time is in decaauts)
 A = Elapsed time spent in this place.
 B = Non-inter-level travel time spent in this place.
 C = Inter-level travel time spent in this place.
 D = Time resting spent in this place.
 E = Time spent auto-exploring this place.
 F = Levels seen in this place.
 G = Mean time per level.
                   A        B        C        D        E       F      G
               +--------+--------+--------+--------+--------+-----+--------+
         Total |  84925 |  76540 |   8385 |  26486 |  32450 |  49 | 1733.2 |
       Dungeon |  24002 |  20775 |   3227 |   5342 |  10599 |  15 | 1600.1 |
          Lair |  13604 |  12175 |   1429 |   5480 |   4892 |   6 | 2267.3 |
        Shoals |   6418 |   5819 |    599 |   1556 |   2437 |   4 | 1604.5 |
     Snake Pit |  10572 |   9932 |    640 |   4159 |   3654 |   4 | 2643.0 |
    Slime Pits |   2082 |   2073 |      9 |   1537 |    116 |   5 |  416.4 |
  Orcish Mines |   1941 |   1558 |    383 |     69 |    902 |   2 |  970.5 |
   Elven Halls |   6325 |   5253 |   1072 |   2003 |   2062 |   3 | 2108.3 |
        Vaults |   7386 |   7125 |    261 |   1860 |   3104 |   4 | 1846.5 |
        Depths |  12590 |  11829 |    761 |   4478 |   4682 |   5 | 2518.0 |
          Hell |      1 |      1 |      0 |      0 |      0 |   1 |    1.0 |
               +--------+--------+--------+--------+--------+-----+--------+

Top non-repeatable levels by time:
Depths:4: 5308 daAuts
 Snake:4: 4856 daAuts
    D:11: 4055 daAuts
 Snake:2: 3073 daAuts
  Lair:6: 3043 daAuts
  Lair:4: 2945 daAuts
Depths:3: 2672 daAuts
Vaults:3: 2489 daAuts
  Lair:3: 2469 daAuts
Vaults:1: 2462 daAuts
    D:15: 2430 daAuts
   Elf:3: 2384 daAuts
   Elf:1: 2371 daAuts
Depths:1: 2304 daAuts
    D:10: 2190 daAuts
